General information
			
			
        
        - name: BNet
 
        - type: Ladder team game (AT/RT)
 
        - host: Battle.net
 
        - saver: iggy_the_fisk
 
        
map: Highperch 
        - players: 6
 
        - length: 06:25
 
        - speed: Fast
 - version: 1.22 W3XP
 - replay type:  

 
» download(42 KB)
Players
        team 1 (winner) 
              
              
» 
iggy_the_fisk (
teal | 114 APM | 733 actions | 06:25)
              
 2 Death Knight 
 1 Death Coil
 1 Unholy Aura
 
                » actions 
                
                | Assign group hotkey | 59 |  | 
| Basic commands | 26 |  | 
| Build / train | 25 |  | 
| Enter build submenu | 10 |  | 
| Enter hero's abilities submenu | 2 |  | 
| Give item / drop item | 2 |  | 
| Right click | 440 |  | 
| Select / deselect | 113 |  | 
| Select group hotkey | 14 |  | 
| Use ability | 42 |  | 
                733 total
 » units 
                » upgrades
                » buildings
                
                | Altar of Darkness | 1 |  | 
| Ziggurat | 3 |  | 
| Tomb of Relics | 1 |  | 
| Crypt | 1 |  | 
| Graveyard | 1 |  | 
| Necropolis | 1 |  | 
| Nerubian Tower | 1 |  | 
                9 total
 » build order
                00:10 Altar of Darkness
00:18 Ziggurat
00:26 Tomb of Relics
01:02 Crypt
01:55 Graveyard
03:31 Ziggurat
05:05 Necropolis
06:02 Ziggurat
06:13 Nerubian Tower
» items
                
                | Rod of Necromancy | 2 |  | 
| Dust of Appearance | 1 |  | 
| Sacrificial Skull | 1 |  | 
| Lesser Clarity Potion | 1 |  | 
| Scroll of Regeneration | 1 |  | 
                6 total
  
               
              
              
Mata. (
red | 90 APM | 581 actions | 06:25)
              
 1 Archmage 
 1 Summon Water Elemental
 
                » actions 
                
                | Assign group hotkey | 20 |  | 
| Basic commands | 4 |  | 
| Build / train | 51 |  | 
| Enter build submenu | 22 |  | 
| Enter hero's abilities submenu | 1 |  | 
| Right click | 310 |  | 
| Select / deselect | 135 |  | 
| Select group hotkey | 5 |  | 
| Use ability | 33 |  | 
                581 total
 » units 
                » buildings
                
                | Farm | 1 |  | 
| Town Hall | 1 |  | 
| Altar of Kings | 1 |  | 
| Scout Tower | 11 |  | 
| Lumber Mill | 1 |  | 
| Arcane Tower | 2 |  | 
| Arcane Vault | 1 |  | 
| Guard Tower | 18 |  | 
                36 total
 » build order
                01:26 Farm
01:35 Town Hall
02:14 Altar of Kings
02:58 Scout Tower
02:59 Scout Tower
03:46 Scout Tower
03:57 Scout Tower
03:59 Lumber Mill
04:14 Arcane Tower
04:17 Arcane Vault
04:54 Scout Tower
05:17 Guard Tower
05:17 Guard Tower
05:35 Scout Tower
05:37 Scout Tower
05:44 Guard Tower
05:45 Guard Tower
05:46 Scout Tower
05:46 Scout Tower
05:53 Scout Tower
05:55 Scout Tower
06:03 Guard Tower
06:04 Guard Tower
06:15 Guard Tower
06:16 Guard Tower
06:20 Guard Tower
06:20 Guard Tower
06:20 Guard Tower
 
               
              
              
» 
TIMG4STRok (
yellow | 74 APM | 475 actions | 06:25)
              
 1 Far Seer 
 1 Feral Spirit
 
                » actions 
                
                | Assign group hotkey | 6 |  | 
| Basic commands | 25 |  | 
| Build / train | 21 |  | 
| ESC pressed | 4 |  | 
| Enter build submenu | 16 |  | 
| Enter hero's abilities submenu | 1 |  | 
| Right click | 213 |  | 
| Select / deselect | 103 |  | 
| Select group hotkey | 59 |  | 
| Use ability | 27 |  | 
                475 total
 » units 
                » buildings
                
                | Altar of Storms | 1 |  | 
| Orc Burrow | 7 |  | 
| War Mill | 1 |  | 
| Watch Tower | 5 |  | 
                14 total
 » build order
                00:02 Altar of Storms
00:06 Orc Burrow
02:17 War Mill
02:47 Orc Burrow
02:47 Orc Burrow
03:05 Orc Burrow
03:05 Orc Burrow
03:17 Orc Burrow
03:43 Orc Burrow
03:58 Watch Tower
03:59 Watch Tower
04:32 Watch Tower
05:06 Watch Tower
06:17 Watch Tower
 
               team 2 (loser) 
              
              
ChOmpEr. (
pink | 54 APM | 335 actions | 06:12)
              
 2 Warden 
 1 Fan of Knives
 1 Blink
 
                » actions 
                
                | Build / train | 25 |  | 
| Enter build submenu | 10 |  | 
| Enter hero's abilities submenu | 2 |  | 
| Remove unit from queue | 1 |  | 
| Right click | 173 |  | 
| Select / deselect | 98 |  | 
| Use ability | 26 |  | 
                335 total
 » units 
                » buildings
                
                | Moon Well | 4 |  | 
| Altar of Elders | 1 |  | 
| Ancient of War | 2 |  | 
| Ancient of Wonders | 1 |  | 
                8 total
 » build order
                00:16 Moon Well
00:38 Altar of Elders
00:57 Ancient of War
01:10 Ancient of Wonders
01:30 Moon Well
03:38 Ancient of War
04:17 Moon Well
04:59 Moon Well
» items
                 
               
              
              
Hit_X-TasY (
orange | 60 APM | 385 actions | 06:24)
              
 1 Archmage 
 1 Blizzard
 
                » actions 
                
                | Assign group hotkey | 11 |  | 
| Basic commands | 81 |  | 
| Build / train | 23 |  | 
| Enter build submenu | 7 |  | 
| Enter hero's abilities submenu | 1 |  | 
| Right click | 119 |  | 
| Select / deselect | 58 |  | 
| Select group hotkey | 71 |  | 
| Use ability | 14 |  | 
                385 total
 » units 
                » buildings
                
                | Altar of Kings | 2 |  | 
| Barracks | 1 |  | 
| Farm | 4 |  | 
| Keep | 1 |  | 
                8 total
 » build order
                00:06 Altar of Kings
00:10 Altar of Kings
00:12 Barracks
00:18 Farm
00:21 Farm
02:32 Farm
02:37 Farm
03:48 Keep
 
               
              
              
necrodc101 (
green | 36 APM | 231 actions | 06:22)
              
 2 Blademaster 
 1 Wind Walk
 1 Mirror Image
 
                » actions 
                
                | Basic commands | 11 |  | 
| Build / train | 20 |  | 
| Enter build submenu | 7 |  | 
| Enter hero's abilities submenu | 2 |  | 
| Right click | 131 |  | 
| Select / deselect | 49 |  | 
| Use ability | 11 |  | 
                231 total
 » units 
                » upgrades
                
                | Pillage | 1 |  | 
| Melee Weapons | 1 |  | 
| Armor | 1 |  | 
                3 total
 » buildings
                
                | Altar of Storms | 1 |  | 
| Orc Burrow | 2 |  | 
| Barracks | 2 |  | 
| War Mill | 1 |  | 
| Stronghold | 1 |  | 
| Voodoo Lounge | 1 |  | 
                8 total
 » build order
                00:06 Altar of Storms
00:10 Orc Burrow
00:32 Barracks
01:50 Orc Burrow
03:12 Barracks
04:09 War Mill
05:48 Stronghold
05:54 Voodoo Lounge
 
                Chat log
          (00:50 / All) ChOmpEr.: >>>>.<<<<<